AoeStats
← web

Arabia

507769827Analyzed
1v1 RM · 12d ago on Sep 19, 2026· 45m 15s· 2 players
Game mode
Random Map
Map size
Tiny (2 player)
Population
200
Speed
Normal
Resources
Standard
Victory
Conquest
Starting age
Dark Age
Ending age
Imperial Age
RankedLock teamsTeams togetherTeam positionsShared explorationLock speedFull tech treeHidden civsTurbo modeCheats
Victory
Defeat
🇦🇷 Bulgarians · Argentina
1419
+16
🇺🇸 Cumans · United States
1418
-16
web
6:51 Loom
9:37 Feudal Age
10:57 Double-Bit Axe
23:20 Fletching
27:11 Castle Age
27:39 Bloodlines
27:36 Scale Barding Armor
41:02 Wheelbarrow
41:41 Bodkin Arrow
43:51 Padded Archer Armor
__18_Kirito_Arg
7:04 Loom
9:27 Feudal Age
9:57 Double-Bit Axe
9:56 Horse Collar
10:48 Arson
15:12 Fletching
16:11 Wheelbarrow
17:05 Town Watch
17:27 Scale Mail Armor
24:36 Castle Age
22:34 Stone Mining
24:13 Forging
24:06 Gold Mining
25:45 Chain Mail Armor
29:24 Gambesons
29:58 Bow Saw
30:07 Squires
30:15 Bodkin Arrow
31:35 Iron Casting
39:57 Scale Barding Armor
41:42 Bloodlines
43:13 Husbandry
43:43 Heavy Plow
46:58 Imperial Age
45:26 Hand Cart
45:34 Chain Barding Armor
Connection lost

Rejoining the realm…

Still unreachable

The connection could not be restored.

Session expired

The server has moved on; the page needs a fresh start.